 Dungeon Crawl Stone Soup version 0.23-a0-690-g0a1fc62c7c (webtiles) character file.

256 Morbidden the Slasher (level 5, 0/42 HPs)
             Began as a Demonspawn Fighter on Jan 11, 2019.
             Slain by an ogre
             ... wielding a +0 giant club
              (14 damage)
             ... on level 4 of the Dungeon.
             The game lasted 00:04:35 (2413 turns).

Morbidden the Slasher (Demonspawn Fighter)          Turns: 2413, Time: 00:04:36

Health: 0/42       AC: 10    Str: 16    XL:     5   Next: 92%
Magic:  5/5        EV:  4    Int: 10    God:
Gold:   176        SH:  9    Dex: 13    Spells: 4/4 levels left

rFire    . . .     SeeInvis .   a - +0 long sword
rCold    . . .     Gourm    .   c - +0 shield
rNeg     . . .     Faith    .   k - +0 chain mail
rPois    +         Spirit   .   (helmet restricted)
rElec    .         Reflect  .   (no cloak)
rCorr    .         Harm     .   (no gloves)
MR       .....                  i - +0 pair of boots
Stlth    ..........             (no amulet)
HPRegen  0.14/turn              t - ring of poison resistance
MPRegen  0.09/turn              (no ring)

@: starving
A: antennae 1, nightstalker 2, powered by death 1
a: no special abilities


You were on level 4 of the Dungeon.
You were starving.

You visited 1 branch of the dungeon, and saw 4 of its levels.

You collected 176 gold pieces.

Inventory:

Hand Weapons
 a - a +0 long sword (weapon)
Missiles
 b - 5 javelins (quivered)
Armour
 c - a +0 shield (worn)
 i - a +0 pair of boots (worn)
 k - a +0 chain mail (worn)
Jewellery
 t - a ring of poison resistance (left hand)
Wands
 m - a wand of random effects (26)
 q - a wand of polymorph (4)
Scrolls
 e - 3 scrolls of amnesia {unknown}
 g - 4 scrolls of identify {unknown}
 l - a scroll of fog {unknown}
 p - 2 scrolls of teleportation {unknown}
 s - a scroll of fear {unknown}
Potions
 d - a potion of might
 h - a potion of brilliance {unknown}
 j - 3 potions of degeneration {unknown}
 n - a potion of mutation {unknown}
 o - a potion of berserk rage {unknown}
 r - a potion of curing {unknown}
 u - a potion of heal wounds {unknown}
 v - a potion of flight {unknown}
 w - a potion of cancellation {unknown}
Comestibles
 f - 12 rations


   Skills:
 + Level 3.8 Fighting
 * Level 3.9 Long Blades
 - Level 0.2 Throwing
 + Level 3.5 Armour
 + Level 0.3 Dodging
 + Level 0.2 Stealth
 + Level 3.6 Shields


You had 4 spell levels left.
You didn't know any spells.
Your spell library contained the following spells:

 Spells                   Type           Power        Failure   Level  Hunger
 Corona                   Hex            #......      100%        1    ##.....
 Ensorcelled Hibernation  Hex/Ice        #.....       100%        2    ###....
 Confuse                  Hex            #.......     100%        3    ####...
 Dazzling Spray           Conj/Hex       #.....       100%        3    ####...
 Tukima's Dance           Hex            #.......     100%        3    ####...


Dungeon Overview and Level Annotations

Branches:
Dungeon (4/15)
 Temple: D:4-7

Altars:
Cheibriados


Innate Abilities, Weirdness & Mutations

You have a pair of small antennae on your head.
You are significantly more attuned to the shadows.
You regenerate a little health from kills.


Message History

You are too injured to fight recklessly!
You are too injured to fight recklessly!
Unknown command.
You are starving!
You hit the ogre but do no damage.
The ogre is severely wounded.
You block the ogre's attack.
You hit the ogre but do no damage.
The ogre is severely wounded.
You block the ogre's attack.
You hit the ogre.
The ogre is almost dead.
You hit the ogre.
The ogre is almost dead.
You block the ogre's attack.
Unknown command.
Your shield and chain mail prevent you from hitting the ogre.
The ogre is almost dead.
The ogre hits you with a +0 giant club!
You die...

########
#......#
#......# #
#......##.#.#
#.<....@O..#
#......###..#
#.....># .
#......#
########


You could see an ogre.

Vanquished Creatures
  Sigmund (D:2)
  Jessica (D:2)
  An adder (D:3)
  A worm (D:3)
  A dart slug (D:3)
  A leopard gecko (D:3)
  10 bats
  4 giant cockroaches
  6 goblins
  7 hobgoblins
  4 jackals (D:3)
  4 kobolds
  A quokka (D:2)
  A ball python (D:2)
  A frilled lizard (D:3)
  6 rats
50 creatures vanquished.

Notes
Turn   | Place    | Note
-------+----------+-------------------------------------------
     0 | D:1      | Morbidden the Demonspawn Fighter began the quest for the
                  | Orb.
     0 | D:1      | Reached XP level 1. HP: 18/18 MP: 1/1
   132 | D:1      | Gained mutation: You are slightly more attuned to the
                  | shadows. [demonic ancestry]
   132 | D:1      | Reached XP level 2. HP: 23/24 MP: 2/2
   825 | D:2      | Noticed Jessica
   826 | D:2      | Noticed Sigmund
   835 | D:2      | Killed Sigmund
   835 | D:2      | Gained mutation: You regenerate a little health from kills.
                  | [demonic ancestry]
   835 | D:2      | Reached XP level 3. HP: 27/30 MP: 3/3
   835 | D:2      | Gained mutation: You have a pair of small antennae on your
                  | head. [demonic ancestry]
   835 | D:2      | Reached XP level 4. HP: 33/37 MP: 4/4
   835 | D:2      | Gained mutation: You are significantly more attuned to the
                  | shadows. [demonic ancestry]
   835 | D:2      | Reached XP level 5. HP: 37/42 MP: 5/5
   836 | D:2      | Killed Jessica
  1515 | D:3      | Found a snail-covered altar of Cheibriados.
  2401 | D:4      | Noticed an ogre
  2413 | D:4      | Slain by an ogre

Vault maps used:
D:1:      dpeg_arrival_pits, hangedman_decor_opposing
D:2:      first_ration, uniq_sigmund, uniq_jessica
D:3:      nicolae_overflow_hidden_temple, roderic_cross_of_infinity
D:4:      minmay_temple_entry_stoned_glass, minmay_bisected

Skill      XL: |  1  2 |
---------------+-------+-----
Long Blades    | 3 |  3.9
Armour         | 3 |  3.5
Shields        | 3 |  3.6
Fighting       | |  3.8
Throwing       | |  0.2
Dodging        | |  0.3
Stealth        | |  0.2

Action                   |  1- 3 |  4- 6 || total
-------------------------+-------+-------++-------
Melee: Long sword        |    54 |   139 ||   193
Throw: Javelin           |     2 |       ||     2
  Use: Potion            |     1 |       ||     1
  Eat: Chunk             |       |     3 ||     3
Armor: Scale mail        |    23 |       ||    23
       Chain mail        |     6 |    85 ||    91
Dodge: Dodged            |    10 |    26 ||    36
Block: Shield            |    35 |    76 ||   111
       Rpst.: Long sword |     2 |     7 ||     9

Table legend:
 A = Non-vault XP
 B = Vault XP
 C = Vault XP percentage of total XP
 D = Non-vault monster count
 E = Vault monster count
 F = Vault count percentage of total count
                 A         B        C        D         E       F
            +---------+---------+-------+---------+---------+-------
      Total |      98 |     268 |  73.2 |      48 |       2 |   4.0
            +---------+---------+-------+---------+---------+-------
        D:1 |      23 |       0 |   0.0 |      13 |       0 |   0.0
        D:2 |      21 |     268 |  92.7 |      13 |       2 |  13.3
        D:3 |      54 |       0 |   0.0 |      22 |       0 |   0.0
            +---------+---------+-------+---------+---------+-------
